Map: Ley Lines

Players

LiquidElazer (Elazer)

  • Race: Zerg Zerg
  • Spawn Location: 7:00

BabyMarine - Winner!

  • Race: Terran Terran
  • Spawn Location: 1:00

Event: HomeStory Cup XXVI

VOD

Have the link to the VOD?

Description

Time

  • Played on: Nov. 30, 2024, 5:34 p.m.
  • Length: 17:45

All games in this series

Show
View Real Time Build Order
Export as new Build Order

LiquidElazer Zerg 

Build Orders: Hatch First 

Get SALT Encoding   

  12  0:00  Drone  
  13  0:09  Drone  
  14  0:14  Drone, Extractor  
  15  0:34  Hatchery  
  14  0:39  Extractor  
  14  0:40  Drone  
  15  0:46  Overlord  
  15  1:00  Spawning Pool  
  15  1:04  Drone  
  15  1:08  Drone  
  16  1:11  Drone  
  16  1:16  Drone  
  18  1:27  Drone  
  19  1:37  Drone  
  20  1:46  Queen  
  20  1:47  Drone, Queen  
  20  1:51  Drone  
  26  1:57  Drone  
  26  1:58  Overlord  
  27  2:08  Drone  
  28  2:17  Hatchery  
  28  2:19  Drone  
  28  2:20  Drone  
  28  2:21  Drone  
  30  2:29  Queen  
  32  2:32  Drone  
  32  2:36  Overlord  
  33  2:41  Drone, Extractor  
  33  2:42  Drone  
  34  2:52  Drone x2  
  34  2:55  Drone x3  
  34  2:57  Drone x2  
  41  2:59  Drone  
  41  3:05  Queen  
  44  3:14  Roach Warren, Overlord  
  44  3:17  Drone  
  44  3:28  Drone x6  
  44  3:31  Overlord  
  44  3:34  Drone  
  51  3:38  Drone  
  51  3:39  Drone x2  
  51  3:40  Drone  
  55  3:43  Evolution Chamber  
  55  3:44  Drone x2  
  56  3:52  Evolution Chamber  
  56  3:54  Overlord  
  54  3:55  Evolution Chamber  
  54  3:58  Drone x4  
  54  4:00  Lair  
  57  4:03  Extractor, Roach  
  57  4:05  Extractor  
  57  4:08  Roach  
  57  4:09  Overlord  
  60  4:11  Evolution Chamber  
  60  4:12  Evolution Chamber  
  60  4:16  Evolution Chamber  
  60  4:17  Drone x2  
  58  4:18  Drone  
  58  4:22  Drone x2  
  63  4:27  Drone x7  
  63  4:29  Overlord  
  71  4:32  Drone x2  
  71  4:37  Drone x3  
  76  4:39  Drone  
  76  4:42  Extractor x2  
  76  4:45  Extractor  
  66  4:54  Overlord  
  66  4:55  Drone x2  
  66  4:56  Drone x2  
  67  5:01  Overlord  
  67  5:02  Drone x8  
  73  5:07  Spire  
  73  5:09  Spore Crawler  
  73  5:12  Overseer  
  70  5:15  Spore Crawler, Drone  
  70  5:16  Drone  
  70  5:18  Drone  
  70  5:19  Drone  
  71  5:23  Drone x2  
  73  5:29  Drone x5  
  73  5:32  Drone x2  
  80  5:36  Drone x2  
  80  5:37  Drone x2  
  84  5:44  Overlord  
  84  5:46  Overlord  
  82  6:03  Overlord  
  80  6:05  Drone  
  80  6:07  Hatchery  
  80  6:20  Mutalisk x4  
  80  6:21  Mutalisk x7  
  80  6:25  Mutalisk  
  104  6:31  Mutalisk  
  104  6:33  Overlord  
  104  6:35  Drone x4  
  104  6:39  Zerg Ground Armor Level 1  
  106  6:45  Hatchery  
  106  6:46  Metabolic Boost  
  105  6:48  Overlord  
  105  6:50  Roach x3  
  105  6:51  Roach  
  105  6:54  Roach  
  115  6:58  Overlord  
  115  6:59  Zergling x14  
  122  7:01  Zerg Flyer Weapons Level 1  
  116  7:10  Zergling x6  
  116  7:12  Mutalisk  
  119  7:27  Mutalisk x3  
  125  7:30  Overlord  
  125  7:31  Zergling x2  
  125  7:32  Zergling x18  
  125  7:34  Queen  
  137  7:38  Zergling x2  
  132  7:49  Overlord  
  129  7:52  Mutalisk x4  
  129  7:57  Zergling x14  
  140  8:02  Baneling Nest  
  129  8:06  Overlord  
  129  8:07  Spore Crawler  
  129  8:09  Drone x7  
  129  8:11  Drone  
  127  8:15  Drone x6  
  132  8:26  Zergling x14  
  140  8:31  Evolution Chamber  
  139  8:35  Zerg Ground Armor Level 2  
  139  8:36  Overlord, Mutalisk x3  
  139  8:38  Overlord  
  139  8:40  Extractor  
  144  8:43  Extractor  
  141  8:51  Mutalisk  
  141  8:52  Mutalisk x2  
  141  8:54  Drone x3  
  141  8:55  Drone x3  
  151  8:59  Hatchery  
  151  9:00  Centrifugal Hooks  
  151  9:01  Zergling x10  
  155  9:05  Zergling x8  
  155  9:08  Overlord  
  159  9:13  Zergling x6  
  158  9:18  Zergling x12  
  158  9:22  Zergling x10  
  158  9:23  Baneling  
  158  9:24  Baneling x6  
  140  9:31  Mutalisk  
  140  9:32  Mutalisk x2  
  143  9:45  Mutalisk x2  
  114  9:48  Mutalisk  
  120  10:03  Hatchery  
  120  10:04  Drone x13  
  120  10:07  Zerg Melee Weapons Level 1  
  132  10:13  Zergling x4  
  134  10:14  Queen  
  134  10:16  Zergling x2  
  134  10:18  Queen  
  139  10:22  Burrow  
  139  10:28  Baneling x8  
  139  10:31  Overlord  
  139  10:34  Baneling x4  
  139  10:37  Zergling x4  
  138  10:47  Mutalisk x4  
  143  10:51  Drone, Extractor  
  143  10:52  Drone, Extractor  
  143  10:53  Drone x3  
  146  11:01  Mutalisk x3  
  152  11:06  Drone  
  152  11:08  Drone  
  154  11:13  Mutalisk x2  
  154  11:14  Hatchery  
  157  11:20  Mutalisk  
  157  11:22  Zergling x16  
  164  11:32  Baneling x9  
  164  11:35  Zergling x18  
  173  11:50  Mutalisk x6  
  181  11:56  Drone x4  
  181  11:57  Drone  
  185  12:02  Zergling x18  
  192  12:09  Zergling x2  
  192  12:10  Zergling x12  
  196  12:18  Zergling x8  
  197  12:29  Baneling x2  
  166  12:32  Zergling x2  
  166  12:33  Zergling x38  
  166  12:35  Zergling x4  
  150  12:41  Baneling x15  
  150  12:45  Baneling x9  
  149  12:53  Zergling x18  
  158  13:01  Zergling x12  
  158  13:02  Zergling x4  
  156  13:08  Zergling x10  
  156  13:10  Pneumatized Carapace  
  156  13:11  Overseer  
  160  13:16  Zerg Melee Weapons Level 2  
  150  13:21  Zergling x12  
  145  13:36  Hatchery  
  145  13:37  Mutalisk  
  145  13:38  Mutalisk x3  
  152  13:43  Mutalisk x3  
  158  13:55  Overlord x3  
  155  14:02  Overlord x3  
  155  14:09  Baneling  
  145  14:19  Mutalisk x14  
  166  14:29  Mutalisk x4  
  174  14:37  Zerg Flyer Weapons Level 2  
  164  14:43  Hatchery  
  164  14:45  Overseer  
  162  14:53  Zergling x20  
  161  15:07  Zergling x2  
  161  15:08  Zergling x22  
  150  15:18  Zergling x2  
  150  15:19  Zergling x4  
  150  15:28  Zergling x10  
  148  15:33  Mutalisk x2  
  139  15:42  Mutalisk x5  
  134  15:50  Mutalisk x3  
  134  15:55  Mutalisk x2  
  144  15:57  Baneling x3  
  144  15:58  Baneling  
  144  16:03  Overseer  
  144  16:04  Overseer  
  144  16:08  Drone x2  
  146  16:16  Drone x3  
  146  16:18  Hatchery, Zergling x6  
  116  16:34  Mutalisk x6  
  116  16:38  Mutalisk  
  111  16:48  Mutalisk  
  105  16:56  Mutalisk  
  105  16:57  Mutalisk  
  107  17:01  Zergling x32  
  107  17:02  Extractor  
  107  17:08  Unknown  
  121  17:11  Drone x3  
  121  17:13  Drone x3  
  121  17:14  Drone  
  128  17:16  Hatchery  
  128  17:17  Overseer  
  128  17:18  Overseer  
  128  17:22  Zergling x4  
Show
View Real Time Build Order
Export as new Build Order

BabyMarine Terran - Winner!

Build Orders: Reaper Expand, Hellion Banshee 

Get SALT Encoding   

  12  0:00  SCV  
  13  0:12  SCV  
  14  0:16  Supply Depot  
  14  0:24  SCV  
  15  0:38  SCV  
  15  0:39  Barracks  
  16  0:44  Refinery  
  16  0:50  SCV  
  17  1:02  SCV  
  18  1:14  SCV  
  19  1:27  Orbital Command  
  19  1:28  Reaper  
  20  1:38  Command Center  
  20  1:47  Supply Depot  
  20  1:52  SCV  
  21  1:59  Marine  
  22  2:04  SCV  
  23  2:10  Factory  
  23  2:16  SCV  
  23  2:20  Barracks Reactor  
  24  2:35  Command Center  
  24  2:37  SCV  
  25  2:50  Orbital Command  
  25  2:52  SCV  
  25  2:57  Refinery  
  26  3:01  Starport  
  26  3:06  Hellion  
  26  3:10  Hellion  
  31  3:12  SCV  
  31  3:15  SCV  
  32  3:23  Barracks Tech Lab  
  32  3:25  SCV  
  33  3:27  SCV, Hellion  
  33  3:31  Hellion  
  38  3:37  SCV  
  38  3:39  SCV  
  40  3:47  Banshee  
  40  3:48  Orbital Command  
  43  3:50  SCV  
  44  3:58  Hellion x2  
  44  3:59  Barracks Tech Lab  
  44  4:01  Cloaking Field  
  48  4:04  SCV  
  48  4:05  SCV  
  50  4:16  SCV  
  52  4:17  SCV  
  52  4:18  SCV  
  53  4:25  Supply Depot x2  
  53  4:28  SCV  
  53  4:29  SCV  
  53  4:30  Banshee  
  53  4:31  SCV  
  59  4:33  Stimpack  
  59  4:38  Barracks  
  59  4:40  SCV  
  59  4:43  Barracks, Factory Reactor  
  60  4:48  SCV  
  59  4:53  SCV  
  54  5:02  Orbital Command  
  54  5:03  SCV, Marine  
  54  5:06  Engineering Bay  
  54  5:07  SCV, Refinery, Engineering Bay  
  53  5:09  Refinery  
  52  5:16  SCV  
  52  5:21  Marine  
  54  5:22  SCV  
  54  5:25  Supply Depot, Barracks x2  
  54  5:27  Supply Depot  
  54  5:28  SCV, Marine x2  
  56  5:29  SCV  
  56  5:34  Starport Reactor  
  56  5:35  Supply Depot  
  59  5:37  Siege Tank  
  59  5:40  SCV x2  
  59  5:41  Marine x2  
  59  5:42  SCV, Marine  
  68  5:45  Terran Infantry Weapons Level 1  
  68  5:48  Terran Infantry Armor Level 1  
  68  5:50  Marine x2  
  68  5:52  SCV  
  68  5:53  SCV  
  68  5:54  SCV  
  72  5:59  Marine x2  
  72  6:02  Supply Depot  
  74  6:04  SCV, Marine  
  74  6:08  Supply Depot, Marine  
  77  6:11  Siege Tank  
  77  6:13  SCV x2  
  77  6:16  SCV  
  83  6:24  Marine x3  
  83  6:25  Barracks Tech Lab, Barracks Reactor  
  86  6:26  SCV x2  
  86  6:28  Medivac x2  
  86  6:29  SCV  
  92  6:39  Combat Shield  
  92  6:40  Supply Depot  
  92  6:41  Supply Depot, SCV x3  
  92  6:42  Marine  
  92  6:43  Marauder  
  92  6:46  Marine, Marauder  
  101  6:49  Marine x2  
  103  6:58  Refinery  
  103  6:59  SCV x3, Refinery  
  103  7:01  Siege Tank  
  109  7:02  Marine  
  109  7:04  Missile Turret  
  103  7:09  Marine x3  
  103  7:11  SCV x3, Marine x4  
  104  7:20  Marine, Missile Turret x2  
  102  7:23  SCV  
  102  7:27  Marine x3  
  102  7:29  Marine x4  
  103  7:37  Marine  
  103  7:41  SCV x2  
  103  7:43  Orbital Command  
  99  7:44  Marine  
  99  7:45  Marine x2  
  99  7:47  Marine x2  
  104  7:51  Marine x2  
  104  7:54  SCV  
  104  7:55  Marine  
  104  7:58  SCV  
  109  8:02  Marine x2  
  109  8:03  Marine  
  109  8:04  Marine  
  109  8:05  Marine  
  109  8:15  Armory  
  109  8:17  SCV x3, Marine x2, Missile Turret  
  109  8:18  Marine  
  109  8:19  Supply Depot  
  112  8:20  Supply Depot, Marine  
  112  8:24  Marine x2  
  112  8:25  Marine  
  116  8:29  SCV x2  
  116  8:31  Medivac x2  
  121  8:35  Marine x2  
  121  8:36  Marine  
  121  8:40  Marine  
  121  8:41  Marine  
  126  8:42  Factory  
  126  8:46  Marine  
  126  8:47  Marine  
  126  8:48  Marine  
  120  8:53  Marine x3  
  121  8:58  Marine x2  
  123  9:03  Command Center, Drilling Claws  
  123  9:04  Marine x2, Terran Infantry Weapons Level 2  
  123  9:06  Marine  
  123  9:09  Terran Infantry Armor Level 2  
  126  9:11  Marine x3  
  126  9:16  Marine x2  
  128  9:22  Marine x2  
  128  9:24  Marine  
  129  9:25  Command Center  
  129  9:29  Marine x3  
  133  9:32  Medivac  
  133  9:33  Medivac  
  133  9:34  Marine x2  
  139  9:39  SCV  
  139  9:40  Marine x2  
  139  9:41  Marine  
  114  9:46  Marine  
  114  9:47  Marine x2  
  114  9:51  Marine  
  114  9:52  Marine, Widow Mine  
  123  9:55  Factory  
  123  9:58  Marine x2  
  123  9:59  Marine  
  114  10:04  Marine x2  
  114  10:05  Marine  
  115  10:07  Medivac x2  
  115  10:09  Marine  
  115  10:10  Marine, Barracks  
  115  10:11  Barracks x2  
  115  10:12  SCV x3  
  124  10:15  Marine  
  124  10:16  Marine  
  124  10:17  Marine  
  133  10:22  Marine x2  
  133  10:23  Marine  
  133  10:27  Marine x2  
  138  10:33  Marine x2  
  138  10:35  Marine  
  141  10:40  Marine x3, Factory Tech Lab  
  138  10:51  Marine x2  
  138  10:52  Marine x2  
  138  10:53  Marine  
  138  10:55  Siege Tank  
  145  11:04  Barracks Tech Lab  
  145  11:05  Barracks Tech Lab  
  145  11:11  Marine x3, Marauder x2  
  150  11:16  Marine x2  
  150  11:18  Barracks Tech Lab  
  156  11:25  Factory Reactor  
  154  11:28  Widow Mine  
  156  11:35  Missile Turret  
  156  11:36  Command Center  
  156  11:37  Command Center  
  156  11:39  Terran Infantry Weapons Level 3  
  156  11:40  Supply Depot, Marauder x2  
  156  11:41  Supply Depot, Marauder x2  
  156  11:42  Supply Depot, Sensor Tower  
  156  11:44  Planetary Fortress  
  156  11:47  Marine x3, Marauder  
  162  11:55  Sensor Tower  
  162  12:02  Widow Mine x3  
  168  12:09  Marine x2, Marauder x2  
  168  12:13  SCV  
  168  12:14  SCV  
  173  12:16  SCV  
  174  12:25  SCV  
  174  12:29  Marine x2, Marauder  
  164  12:30  Marauder  
  164  12:33  Marine x3  
  164  12:34  Marauder x3  
  172  12:46  SCV  
  172  12:47  Medivac  
  172  12:48  SCV, Medivac  
  173  12:53  Terran Infantry Armor Level 3  
  171  13:01  Marine x3  
  171  13:02  Marine x5, Marauder x3  
  171  13:03  Widow Mine x3  
  171  13:04  SCV x2  
  162  13:25  Marine x2, Marauder x2  
  153  13:27  SCV x2  
  153  13:31  Widow Mine  
  153  13:32  Widow Mine  
  158  13:39  Missile Turret  
  158  13:40  Planetary Fortress  
  156  13:50  Planetary Fortress, SCV x2  
  156  13:51  Marine, Marauder  
  159  13:58  Widow Mine x2  
  159  14:02  SCV  
  164  14:03  SCV  
  164  14:06  Marine x2  
  164  14:07  Marauder  
  164  14:09  Marine, Marauder  
  172  14:10  Marine  
  170  14:23  Marine x2  
  170  14:24  Marauder  
  166  14:25  Marine x2  
  166  14:26  Marauder x2  
  166  14:27  Marine  
  166  14:28  SCV x2, Marauder  
  166  14:29  SCV  
  157  14:32  Marine  
  157  14:33  Marauder  
  157  14:36  SCV x2  
  151  14:39  Widow Mine  
  151  14:40  SCV  
  151  14:41  Widow Mine  
  151  14:42  SCV  
  151  14:43  SCV  
  154  14:48  SCV x2, Marauder  
  158  14:54  Marine  
  158  14:55  Marine, Marauder  
  158  14:57  SCV  
  159  15:01  Marine x4  
  155  15:08  Marine x3  
  155  15:09  Marine  
  155  15:12  Marine x2  
  145  15:16  Marine  
  145  15:20  Marine x2  
  140  15:26  Marine, Marauder  
  147  15:31  Marine x3  
  147  15:32  Marine, Marauder  
  147  15:33  Marine  
  147  15:34  Marine  
  138  15:38  Marine x2  
  128  15:44  Marine  
  128  15:45  Medivac x2  
  128  15:47  Marine, Widow Mine  
  128  15:49  Marine x2  
  124  15:50  Widow Mine x2  
  124  15:52  Marine  
  129  16:00  Marine x3  
  129  16:01  Marine x2  
  129  16:02  Marine x2  
  136  16:05  Marine  
  136  16:07  Marine  
  139  16:15  Medivac x2  
  139  16:16  Widow Mine x3  
  149  16:21  Marine x4  
  149  16:22  Marine x3  
  149  16:24  Marine x2  
  155  16:28  Marine x2  
  142  16:39  Marine x6, Widow Mine x3  
  151  16:40  Orbital Command  
  151  16:44  Marine  
  151  16:45  Marine  
  140  16:48  Marine x2, Marauder  
  137  16:57  Marine x4  
  137  16:58  Marauder x2  
  143  17:02  Marine x2  
  143  17:05  Widow Mine  
  143  17:06  Marine, Marauder  
  150  17:09  Marine  
  150  17:12  Widow Mine x2  
  150  17:15  Marine x2  
  157  17:19  Marauder x2  
  157  17:20  Marine  
  157  17:21  Marauder  
Tags
 
Add a new tag
Caveats
  • Supply blocks, unpowered buildings, or Contaminate may cause inaccurate times.
  • Supply counts are checked every 10 seconds.